 Dungeon Crawl Stone Soup version 0.24-a0-217-g1152973 (webtiles) character file.

Game seed: 3434607931030495650

87901 VLARC the Carver (level 15, -5/85 HPs)
             Began as a Vine Stalker Berserker on Mar 29, 2019.
             Was the Champion of Trog.
             Killed from afar by an orc wizard (7 damage)
             ... with a magic dart
             ... on level 2 of the Orcish Mines.
             The game lasted 00:45:02 (19344 turns).

VLARC the Carver (Vine Stalker Berserker)          Turns: 19344, Time: 00:45:02

Health: -5/85      AC: 21    Str: 24    XL:     15   Next: 92%
Magic:  0/23       EV: 10    Int:  4    God:    Trog [******]
Gold:   1550       SH: 10    Dex: 19    Spells: 14/14 levels left

rFire    + . .     SeeInvis .   R - +1 demon blade (freeze)
rCold    . . .     Gourm    .   M - +0 shield
rNeg     + . .     Faith    .   h - +0 plate armour
rPois    +         Spirit   +   o - +1 helmet
rElec    .         Reflect  .   X - +1 cloak of Complete Protection {Dex+4}
rCorr    +         Harm     .   (no gloves)
MR       +++..                  (no boots)
Stlth    ..........             (no amulet)
HPRegen  2.04/turn              B - ring of Voluaw {rCorr rPois rF+ rN+ Int-4 Stlth+}
MPRegen  0.18/turn              y - +3 ring of protection

@: regenerating, studying Throwing
A: fangs 3, regeneration 2, magic shield, antimagic bite, no potion heal 3, rot
immunity
a: Berserk, Trog's Hand, Brothers in Arms, Renounce Religion


You were on level 2 of the Orcish Mines.
You worshipped Trog.
Trog was exalted by your worship.
You were not hungry.

You visited 4 branches of the dungeon, and saw 23 of its levels.
You also visited: Gauntlet.

You collected 1582 gold pieces.
You spent 32 gold pieces at shops.

Inventory:

Hand Weapons
 t - a +4 antimagic double sword
 R - a +1 demon blade of freezing (weapon)
 U - a +2 scimitar of flaming
 Z - a +2 triple sword of freezing
Missiles
 J - 3 throwing nets (quivered)
Armour
 h - a +0 plate armour (worn)
 o - a +1 helmet (worn)
 v - a +1 chain mail of cold resistance
 M - a +0 shield (worn)
 X - the +1 cloak of Complete Protection (worn) {Dex+4}
   (You found it in a Gauntlet)

   It affects your dexterity (+4).
Jewellery
 a - an uncursed ring of magical power
 w - an uncursed ring of protection from fire
 y - a +3 ring of protection (right hand)
 B - the ring of Voluaw (left hand) {rCorr rPois rF+ rN+ Int-4 Stlth+}
   (You found it on level 1 of the Lair of Beasts)

   [ring of resist corrosion]

   It affects your intelligence (-4).
   It protects you from fire.
   It protects you from poison.
   It protects you from negative energy.
   It makes you more stealthy.
 L - an uncursed ring of see invisible
Wands
 m - a wand of scattershot (6)
 q - a wand of disintegration (10)
 u - a wand of iceblast (4)
 D - a wand of digging (5)
 H - a wand of enslavement (9)
 K - a wand of flame (47)
 N - a wand of acid (5)
Scrolls
 e - 5 scrolls of enchant weapon
 g - 10 scrolls of remove curse
 i - 5 scrolls of teleportation
 C - 4 scrolls of fog
 G - 3 scrolls of fear
 I - 4 scrolls of enchant armour
 S - 5 scrolls of identify
 W - 4 scrolls of magic mapping
Potions
 b - 2 potions of invisibility
 f - 5 potions of might
 j - 6 potions of flight
 k - 5 potions of agility
 r - a potion of magic {unknown}
 s - 12 potions of curing
 x - 2 potions of berserk rage {unknown}
 z - 4 potions of mutation
 A - 2 potions of cancellation
 E - 2 potions of lignification {unknown}
 F - 3 potions of haste
 Q - 2 potions of ambrosia {unknown}
Books
 n - a manual of Throwing
Miscellaneous
 d - a phantom mirror
 p - a box of beasts
 O - a lightning rod (1/4)
 P - a fan of gales
 T - a lightning rod (1/4)
 V - a fan of gales
 Y - a phial of floods
Comestibles
 c - 29 rations
 l - a chunk of flesh


   Skills:
 + Level 12.3 Fighting
 + Level 14.8 Long Blades
 + Level 8.2 Armour
 + Level 8.1 Dodging
 - Level 4.0 Shields
 + Level 10.5 Evocations


You had 14 spell levels left.
You didn't know any spells.
Your spell library was empty.

Dungeon Overview and Level Annotations

Branches:
Dungeon (14/15)            Temple (1/1) D:7            Lair (6/6) D:10
  Swamp (0/4) Lair:3       Spider (0/4) Lair:4        Slime (0/5) Lair:6
    Orc (2/2) D:9          Vaults (0/5) D:14
    Elf: Orc:2

Altars:
Ashenzari
Cheibriados
Dithmenos
Elyvilon
Fedhas
Gozag
Hepliaklqana
Kikubaaqudgha
Makhleb
Nemelex Xobeh
Okawaru
Qazlal
Ru
Sif Muna
Trog
Uskayaw
Vehumet
Wu Jian
Xom
Yredelemnul
Zin
The Shining One
Beogh
Jiyva

Shops:
D:4 =[   D:7 ?   D:12 ?

Annotations:
D:5 3 runed translucent doors, Borgoz's ghost, novice HaFi; arkorax's ghost, amateur DsWr
D:14 Jorgrun


Innate Abilities, Weirdness & Mutations

You have razor-sharp teeth.
You heal very quickly.
When hurt, damage is shared between your health and your magic reserves.
Your bite disrupts and absorbs the magic of your enemies.
Potions cannot restore your health.
You are immune to rotting.


Message History

* * * LOW HITPOINT WARNING * * *
The orc wizard casts a spell.
The orc wizard flickers and vanishes!
Deactivating autopickup; reactivate with Ctrl-A.
The smoke demon gestures at you. Beogh smites you!
* * * LOW HITPOINT WARNING * * *
The orc warrior cheers repeatedly, in orcish tradition.
The orc wizard casts a spell.
The orc wizard seems to speed up.
There is a stone staircase leading up here.
The sixfirhy hits you!
* * * LOW HITPOINT WARNING * * *
The sixfirhy shocks you!
* * * LOW HITPOINT WARNING * * *
The sixfirhy hits you but does no damage.
You block the sixfirhy's attack.
The orc wizard gestures at you while chanting.
The magic dart hits you!
You die...

######## .......#..
##..##..## .#........
#........# #.........
#.......### #...._.$...
##.#...##.### #..........
###........#####......$..
###........##...........
##..#...#.T4o.o..........
#.......@3.o.............
##..#.......3..).........
#..........o..oo(........
##..................(.....
#...........#.......).....
##..##<.#........#ยง.......
#...##..#............o....
##. #...[.................
## ##..#..[).............


You could see an orc high priest, a hellwing, a troll, a sixfirhy, a smoke
demon, 2 orc warriors, an orc wizard and 2 orcs.

Vanquished Creatures
  Kirke (D:13)
  A minotaur (Gauntlet)
  The ghost of Plog the Severer, a journeyman MiBe of Trog (Lair:3)
  Snorg (Lair:6)
  A vault guard (D:14)
  A fire dragon (Lair:6)
  Harold (D:7)
  4 hydras
  A catoblepas (Lair:5)
  The ghost of bli the Thaumaturge, a journeyman DEEE of Vehumet (Lair:3)
  2 centaur warriors
  9 death yaks (Lair:5)
  4 two-headed ogres
  2 orc high priests
  Nergalle (D:10)
  4 sixfirhies (Gauntlet)
  A lindwurm (Lair:6)
  2 unseen horrors
  An orc knight (Orc:1)
  Pikel (D:9)
  9 ugly things
  An oklob plant (Gauntlet)
  5 orc sorcerers (Orc:2)
  A guardian serpent (shapeshifter) (D:14)
  6 black mambas
  An elephant (Lair:4)
  Maurice (D:10)
  2 molten gargoyles (Lair:6)
  8 spiny frogs
  2 rime drakes
  A smoke demon (Gauntlet)
  6 komodo dragons
  An efreet (D:13)
  A freezing wraith (D:14)
  A red devil (Gauntlet)
  7 trolls
  2 jumping spiders (Lair:4)
  A hornet (D:8)
  3 polar bears
  Grinder (D:5)
  Prince Ribbit (D:6)
  9 blink frogs
  2 bog bodies (Lair:3)
  5 hippogriffs
  4 redbacks (Lair:4)
  Sigmund (D:4)
  6 wyverns
  A hungry ghost (D:8)
  Eustachio (D:5)
  2 wraiths (D:12)
  5 hogs
  31 yaks
  A human (D:8)
  8 vampire mosquitoes (D:13)
  3 basilisks (Lair:6)
  2 steam dragons (Lair:6)
  2 wargs
  Menkaure (D:5)
  3 acid dragons
  A soldier ant (D:11)
  Edmund (D:4)
  4 hell hounds (Lair:6)
  3 swamp worms (Lair:3)
  Duvessa (D:5)
  13 water moccasins
  A hornet zombie (D:8)
  7 porcupines
  A necrophage (D:7)
  A sky beast (D:9)
  15 orc warriors
  2 black bears
  An ice beast (D:8)
  5 ogres
  4 phantoms
  A slave (D:9)
  4 centaurs
  10 wolves
  6 crocodiles
  A big kobold (D:8)
  Blork the orc (D:4)
  13 bullfrogs
  A gnoll sergeant (Orc:2)
  A wyvern skeleton (D:11)
  5 scorpions
  6 killer bees (D:10)
  Dowan (D:4)
  2 electric eels
  19 wights
  7 howler monkeys
  8 crimson imps
  A bullfrog zombie (D:13)
  4 lava snakes (Lair:6)
  A quasit (D:7)
  2 centaur zombies
  16 orc priests
  2 bullfrog skeletons
  8 hounds
  Crazy Yiuf (D:3)
  3 jellies
  27 orc wizards
  A centaur skeleton (D:5)
  Terence (D:3)
  5 iguanas
  Natasha (D:3)
  8 worker ants
  2 killer bee zombies
  Robin (D:1)
  3 worker ant zombies
  9 adders
  8 gnolls
  3 river rats (D:6)
  4 shadow imps
  6 adder skeletons
  3 leopard geckos
  86 orcs
  3 giant cockroaches
  17 goblins
  6 hobgoblins
  9 jackals
  2 quokkas
  3 ball pythons
  9 bats
  5 frilled lizards
  11 kobolds
  A quokka zombie (D:7)
  8 rats
614 creatures vanquished.

Vanquished Creatures (collateral kills)
  A hydra (D:8)
  A porcupine (Lair:5)
  A crocodile (Lair:5)
  An orc wizard (Orc:2)
4 creatures vanquished.

Vanquished Creatures (others)
  An orc warrior (Orc:2)
  An orc wizard (Orc:2)
  A bullfrog skeleton (D:13)
  An orc (D:13)
  6 fungi
  4 plants
14 creatures vanquished.

Grand Total: 632 creatures vanquished

Notes
Turn   | Place    | Note
-------+----------+-------------------------------------------
     0 | D:1      | VLARC the Vine Stalker Berserker began the quest for the
                  | Orb.
     0 | D:1      | Reached XP level 1. HP: 11/11 MP: 2/2
   171 | D:1      | Reached XP level 2. HP: 6/16 MP: 1/3
   428 | D:1      | Reached skill level 3 in Long Blades
  1261 | D:2      | Found a shimmering altar of Xom.
  1262 | D:2      | Found a stormy altar of Qazlal.
  1262 | D:2      | Found an opulent altar of Gozag.
  1262 | D:2      | Found a blossoming altar of Fedhas.
  1286 | D:2      | Reached XP level 3. HP: 19/19 MP: 4/4
  1393 | D:2      | Noticed Robin
  1412 | D:1      | Killed Robin
  1612 | D:2      | Reached ** piety under Trog
  1620 | D:2      | Gained mutation: Your natural rate of healing is unusually
                  | fast. [Vine Stalker growth]
  1620 | D:2      | Reached XP level 4. HP: 12/24 MP: 5/5
  2033 | D:3      | Reached skill level 4 in Long Blades
  2048 | D:3      | Reached XP level 5. HP: 22/28 MP: 4/6
  2137 | D:3      | Found a runed translucent door.
  2138 | D:3      | Noticed Crazy Yiuf
  2148 | D:3      | Killed Crazy Yiuf
  2432 | D:3      | Found a sacrificial altar of Ru.
  2435 | D:3      | Found a glowing golden altar of the Shining One.
  2441 | D:3      | Found a hazy altar of Hepliaklqana.
  2442 | D:3      | Found a glowing silver altar of Zin.
  2443 | D:3      | Found an iron altar of Okawaru.
  2445 | D:3      | Found a snail-covered altar of Cheibriados.
  2446 | D:3      | Found a bloodstained altar of Trog.
  2522 | D:3      | Noticed Natasha
  2524 | D:3      | Noticed Terence
  2528 | D:3      | Killed Natasha
  2528 | D:3      | Reached *** piety under Trog
  2528 | D:3      | Reached skill level 5 in Long Blades
  2528 | D:3      | Reached XP level 6. HP: 33/33 MP: 7/7
  2536 | D:3      | Killed Terence
  2840 | D:4      | Found Zioplutz's Jewellery Shoppe.
  2922 | D:4      | Found a white marble altar of Elyvilon.
  2947 | D:4      | Noticed Blork the orc
  2963 | D:4      | Killed Blork the orc
  2963 | D:4      | Reached XP level 7. HP: 23/38 MP: 8/8
  2990 | D:4      | Noticed Sigmund
  2997 | D:4      | Killed Sigmund
  2997 | D:4      | Reached skill level 6 in Long Blades
  3037 | D:4      | Found a sacrificial altar of Ru.
  3158 | D:4      | Reached skill level 5 in Fighting
  3190 | D:4      | Found Ubuocof's Antique Armour Shoppe.
  3227 | D:4      | Noticed Edmund
  3235 | D:4      | Killed Edmund
  3343 | D:4      | Found a basalt altar of Yredelemnul.
  3528 | D:5      | Entered Level 5 of the Dungeon
  3528 | D:5      | Noticed Duvessa
  3528 | D:5      | Noticed Dowan
  3561 | D:4      | Killed Dowan
  3561 | D:4      | Reached skill level 7 in Long Blades
  3561 | D:4      | Gained mutation: You have razor-sharp teeth. [Vine Stalker
                  | growth]
  3561 | D:4      | Reached XP level 8. HP: 43/43 MP: 9/9
  3588 | D:5      | Noticed Menkaure
  3597 | D:5      | Killed Menkaure
  3611 | D:5      | Noticed Eustachio
  3624 | D:5      | Killed Eustachio
  3654 | D:5      | Killed Duvessa
  3714 | D:5      | Found a runed translucent gate.
  3715 | D:5      | Found a runed translucent gate.
  3715 | D:5      | Found a runed translucent gate.
  3717 | D:5      | Noticed arkorax's ghost (amateur DsWr)
  3717 | D:5      | Noticed Borgoz's ghost (novice HaFi)
  3773 | D:5      | Noticed Grinder
  3796 | D:5      | Killed Grinder
  3796 | D:5      | Reached skill level 8 in Long Blades
  4326 | D:6      | Reached XP level 9. HP: 48/49 MP: 10/10
  4515 | D:6      | Reached skill level 9 in Long Blades
  4551 | D:6      | Reached **** piety under Trog
  4786 | D:6      | Noticed Prince Ribbit
  4799 | D:6      | Killed Prince Ribbit
  4974 | D:7      | Noticed Harold
  5024 | D:7      | Killed Harold
  5024 | D:7      | Reached skill level 10 in Long Blades
  5034 | D:7      | Reached XP level 10. HP: 56/56 MP: 11/11
  5318 | D:7      | Found a staircase to the Ecumenical Temple.
  5392 | D:7      | Found Rorhib Xie's Magic Scroll Shoppe.
  5401 | D:7      | Bought a scroll of fog for 32 gold pieces
  5959 | D:8      | Noticed a two-headed ogre
  5969 | D:8      | Killed a two-headed ogre
  5969 | D:8      | Reached skill level 11 in Long Blades
  6378 | D:8      | Noticed a two-headed ogre
  6381 | D:8      | Killed a two-headed ogre
  6381 | D:8      | Reached skill level 12 in Long Blades
  6417 | D:8      | Noticed a six-headed hydra
  6435 | D:8      | Killed a six-headed hydra
  6529 | D:8      | Killed an unseen horror
  6529 | D:8      | Reached XP level 11. HP: 22/62 MP: 4/12
  6937 | Temple   | Entered the Ecumenical Temple
  7135 | D:9      | Found a staircase to the Orcish Mines.
  7337 | D:9      | Gained mutation: You heal very quickly. [Vine Stalker
                  | growth]
  7337 | D:9      | Reached XP level 12. HP: 67/67 MP: 12/19
  7338 | D:9      | Reached skill level 5 in Armour
  7338 | D:9      | Reached skill level 5 in Dodging
  7338 | D:9      | Reached XP level 13. HP: 70/70 MP: 12/20
  7860 | D:9      | Noticed Pikel
  7872 | D:9      | Killed Pikel
  7872 | D:9      | Reached skill level 13 in Long Blades
  8377 | D:10     | Entered Level 10 of the Dungeon
  8398 | D:10     | Reached ***** piety under Trog
  8604 | D:10     | Noticed Maurice
  8631 | D:10     | Reached skill level 10 in Fighting
  8636 | D:10     | Killed Maurice
  8905 | D:10     | Noticed Nergalle
  8918 | D:10     | Killed Nergalle
  9249 | D:10     | Found a staircase to the Lair.
 10124 | D:12     | Found the +5 scythe "Finisher" {speed, eviscerate}
 10265 | D:12     | Found Meiclian's Magic Scroll Boutique.
 10458 | D:11     | Received a gift from Trog
 10737 | D:13     | Noticed Kirke
 10763 | D:13     | Killed Kirke
 10763 | D:13     | Reached skill level 14 in Long Blades
 11014 | D:13     | Reached skill level 1 in Shields
 11109 | D:13     | Reached XP level 14. HP: 66/77 MP: 21/21
 11761 | D:14     | Found a shimmering altar of Xom.
 11764 | D:14     | Found a shimmering altar of Xom.
 11764 | D:14     | Found a shimmering altar of Xom.
 11771 | D:14     | Found a shimmering altar of Xom.
 11872 | D:14     | Found a gate to the Vaults.
 11883 | D:14     | Noticed Jorgrun
 12007 | Lair:1   | Entered Level 1 of the Lair of Beasts
 12056 | Lair:1   | Got a transparent ivory ring
 12058 | Lair:1   | Identified the ring of Voluaw {rCorr rPois rF+ rN+ Int-4
                  | Stlth+} (You found it on level 1 of the Lair of Beasts)
 12087 | Lair:1   | Found a gate leading to a gauntlet.
 12111 | Gauntlet | Entered a Gauntlet
 12111 | Gauntlet | Found a transporter.
 12111 | Gauntlet | Found a transporter.
 12121 | Gauntlet | Found a transporter.
 12124 | Gauntlet | Found a transporter.
 12132 | Gauntlet | Found a transporter.
 12135 | Gauntlet | Found a transporter.
 12137 | Gauntlet | Noticed a dire elephant
 12153 | Gauntlet | Found a transporter.
 12162 | Gauntlet | Found a transporter.
 12167 | Gauntlet | Found a transporter.
 12182 | Gauntlet | Found a transporter.
 12183 | Gauntlet | Found a transporter.
 12226 | Gauntlet | Found a transporter.
 12287 | Gauntlet | Got a steaming cloak
 12302 | Gauntlet | Identified the +1 cloak of Complete Protection {Dex+4} (You
                  | found it in a Gauntlet)
 13395 | Lair:2   | Received a gift from Trog
 13405 | Lair:2   | Reached ****** piety under Trog
 14400 | Lair:3   | Found a runed translucent gate.
 14400 | Lair:3   | Found a runed translucent gate.
 14400 | Lair:3   | Found a runed translucent gate.
 14404 | Lair:3   | Noticed bli's ghost (journeyman DEEE)
 14404 | Lair:3   | Noticed Plog's ghost (journeyman MiBe)
 14571 | Lair:3   | Found a staircase to the Swamp.
 14790 | Lair:3   | Killed bli's ghost
 14798 | Lair:3   | Killed Plog's ghost
 14855 | Lair:4   | Found a hole to the Spider Nest.
 15190 | Lair:4   | Reached XP level 15. HP: 76/83 MP: 23/23
 15904 | Lair:5   | Reached skill level 10 in Evocations
 16483 | Lair:6   | Entered Level 6 of the Lair of Beasts
 16487 | Lair:6   | Found a viscous altar of Jiyva.
 16488 | Lair:6   | Found a staircase to the Slime Pits.
 16797 | Lair:6   | Noticed Snorg
 16810 | Lair:6   | Killed Snorg
 16810 | Lair:6   | Received a gift from Trog
 17625 | Lair:6   | Found a large runed translucent door.
 17718 | Lair:6   | Found a large runed translucent door.
 18389 | Orc:1    | Entered Level 1 of the Orcish Mines
 18734 | Orc:1    | Received a gift from Trog
 18882 | Orc:2    | Entered Level 2 of the Orcish Mines
 19109 | Orc:2    | HP: 4/84 [sun demon[an orc high priest] (8)]
 19277 | Orc:2    | Found a roughly hewn altar of Beogh.
 19344 | Orc:2    | HP: 2/85 [sixfirhy[an orc high priest] (9)]
 19344 | Orc:2    | Killed from afar by an orc wizard

Levels and vault maps discovered:
D:1:      dpeg_arrival_yet_another_circle, layout_loops_corners
D:2:      layout_basic, grunt_temple_overflow_open, uniq_robin
D:3:      layout_basic, minitemple, first_ration, uniq_natasha,
          uniq_crazy_yiuf_cottage, uniq_terence
D:4:      layout_cave_pools, kennysheep_ying_yang, serial_shops, shop,
          nicolae_shop_temple_entry_statues_fountains, nicolae_ru_awakened_eye,
          uniq_edmund, uniq_blork_the_orc, uniq_sigmund
D:5:      layout_rooms, gammafunk_ghost_cemetery, uniq_grinder, uniq_menkaure,
          uniq_duvessa, uniq_eustachio
D:6:      wad_woods_settlement, layout_basic, uniq_prince_ribbit1
D:7:      layout_loops_cross, minmay_temple_entry_from_below_a, serial_shops,
          shop, uniq_harold
D:8:      layout_basic, grunt_livestock, minmay_evil_grid
D:9:      layout_layer_cave, david_orc_2, uniq_pikel
D:10:     layout_basic, grunt_lair_entry_orc_guard_hut, uniq_nergalle,
          uniq_maurice
D:11:     layout_basic
D:12:     layout_basic, serial_shops, shop, minmay_guarded_unrand_finisher
D:13:     layout_loops_ring, chequers_jeans, uniq_kirke
D:14:     minmay_clustersquares, layout_loops_ring, erik_vaults_2,
          xom_redecorated, uniq_jorgrun, uniq_azrael
Temple:   nicolae_temple_figure_zero
Lair:1:   layout_cave_pods, gauntlet_entry_generic
Lair:2:   layout_regular_city, serial_bayou_shore_b
Lair:3:   layout_gridlike, nicolae_swamp_entry_splash_gauntlet,
          gammafunk_ghost_cemetery
Lair:4:   layout_gridlike, nicolae_spider_entry_tight_spaces,
          beast_lair_carwin_5
Lair:5:   layout_small_grid, nicolae_quartered_pool_super
Lair:6:   cheibrodos_lair_end_hotspot, layout_cave_pods, slime_altar_1,
          uniq_snorg
Orc:1:    layout_caves
Orc:2:    st_orc_mages, layout_caves, basic_altar, serial_shops, shop
Gauntlet: minmay_gauntlet_mixed_big_or_small [gammafunk_gauntlet_arena_split_x,
          minmay_gauntlet_arena_77_mirror, gammafunk_gauntlet_arena_spirals,
          minmay_gauntlet_arena_77_museum, gammafunk_gauntlet_arena_teeth,
          minmay_gauntlet_arena_77_radiant_squares, gauntlet_exit_spiral]

Skill      XL: |  1  2  3  4  5  6  7  8  9 10 11 12 13 14 15 |
---------------+----------------------------------------------+-----
Long Blades    | 3 4 5 7 8 10 12 14 | 14.8
Fighting       | 3 4 5 6 7 9 10 11 12 | 12.3
Evocations     | 8 9 10 | 10.5
Armour         | 5 7 8 |  8.2
Dodging        | 5 7 8 |  8.1
Shields        | 1 4 |  4.0

Action                   |  1- 3 |  4- 6 |  7- 9 | 10-12 | 13-15 || total
-------------------------+-------+-------+-------+-------+-------++-------
Melee: Falchion          |    64 |   187 |   186 |       |       ||   437
       Bite              |    20 |    65 |    90 |    86 |   612 ||   873
       Long sword        |       |       |    82 |   217 |   336 ||   635
       Demon blade       |       |       |       |       |   808 ||   808
       Scimitar          |       |       |       |       |   227 ||   227
Invok: Berserk           |       |       |     3 |     3 |     9 ||    15
       Trog's Hand       |       |       |     2 |       |     5 ||     7
       Brothers in Arms  |       |       |       |     2 |       ||     2
Evoke: Wand              |       |       |       |       |     6 ||     6
       Lightning rod     |       |       |       |       |     6 ||     6
  Use: Scroll            |       |       |    18 |     3 |    13 ||    34
       Potion            |       |       |       |     2 |       ||     2
 Stab: Sleeping          |     2 |       |       |       |       ||     2
       Petrified         |       |       |       |       |     6 ||     6
       Petrifying        |       |       |       |       |     2 ||     2
  Eat: Chunk             |     2 |     5 |     9 |    10 |    39 ||    65
       Ration            |       |       |       |     2 |     3 ||     5
Armor: Animal skin       |     4 |       |       |       |       ||     4
       Plate armour      |    78 |   135 |   149 |   136 |   667 ||  1165
Dodge: Dodged            |    42 |    67 |    91 |    51 |   405 ||   656
Block: Buckler           |       |       |    30 |    22 |    92 ||   144
       Shield            |       |       |       |       |   300 ||   300
       Rpst.: Falchion   |    15 |    21 |    16 |       |       ||    52
       Long sword        |       |       |     3 |    19 |    33 ||    55
       Demon blade       |       |       |       |       |    56 ||    56
       Scimitar          |       |       |       |       |    11 ||    11

Table legend:
 A = Non-vault XP
 B = Vault XP
 C = Vault XP percentage of total XP
 D = Non-vault monster count
 E = Vault monster count
 F = Vault count percentage of total count
                 A         B        C        D         E       F
            +---------+---------+-------+---------+---------+-------
      Total |   60746 |   39597 |  39.5 |     454 |     163 |  26.4
            +---------+---------+-------+---------+---------+-------
        D:1 |      31 |      17 |  35.4 |      21 |       2 |   8.7
        D:2 |      30 |      21 |  41.2 |      11 |      11 |  50.0
        D:3 |     266 |     115 |  30.2 |      34 |       3 |   8.1
        D:4 |     237 |     523 |  68.8 |      14 |       4 |  22.2
        D:5 |     164 |     795 |  82.9 |       7 |       4 |  36.4
        D:6 |     546 |     360 |  39.7 |      11 |       7 |  38.9
        D:7 |     790 |    1007 |  56.0 |      25 |       1 |   3.8
        D:8 |    1549 |    3676 |  70.4 |      14 |      14 |  50.0
        D:9 |    3353 |     802 |  19.3 |      34 |       8 |  19.0
       D:10 |    2056 |    1835 |  47.2 |      41 |       7 |  14.6
       D:11 |    1486 |       0 |   0.0 |      22 |       0 |   0.0
       D:12 |    2638 |     422 |  13.8 |      14 |       2 |  12.5
       D:13 |    5185 |    2818 |  35.2 |      30 |       4 |  11.8
       D:14 |    6124 |    1046 |  14.6 |      11 |       1 |   8.3
     Lair:1 |    3004 |       0 |   0.0 |      16 |       0 |   0.0
     Lair:2 |    2827 |       0 |   0.0 |      12 |       0 |   0.0
     Lair:3 |    1238 |    3219 |  72.2 |       7 |       8 |  53.3
     Lair:4 |    7042 |    3127 |  30.8 |      25 |      12 |  32.4
     Lair:5 |    9680 |       0 |   0.0 |      18 |       0 |   0.0
     Lair:6 |    8041 |    9535 |  54.3 |      33 |      29 |  46.8
      Orc:1 |    3237 |       0 |   0.0 |      32 |       0 |   0.0
      Orc:2 |    1222 |    4182 |  77.4 |      22 |      32 |  59.3
   Gauntlet |       0 |    6097 | 100.0 |       0 |      14 | 100.0
            +---------+---------+-------+---------+---------+-------
